 Dungeon Crawl Stone Soup version 0.21.1-1-g345015fe64 (webtiles) character file.

5532 Htamos the Cleaver (level 10, -9/89 HPs)
             Began as a Minotaur Berserker on July 4, 2018.
             Was a High Priest of Trog.
             Killed by divine providence
             ... invoked by an orc priest
              (12 damage)
             ... on level 9 of the Dungeon.
             The game lasted 00:22:55 (8412 turns).

Htamos the Cleaver (Minotaur Berserker)             Turns: 8412, Time: 00:22:56

Health: -9/89      AC: 21    Str: 22    XL:     10   Next: 43%
Magic:  9/9        EV:  8    Int:  4    God:    Trog [*****.]
Gold:   440        SH:  0    Dex: 13    Spells: 9/9 levels left

rFire    . . .     SeeInvis .   a - +1 hand axe
rCold    . . .     Gourm    .   (no shield)
rNeg     . . .     Faith    .   F - +0 plate armour
rPois    .         Spirit   .   (helmet restricted)
rElec    .         Reflect  .   H - +0 cloak
rCorr    .         Harm     .   x - +0 pair of gloves
MR       .....                  v - +0 pair of boots
Stlth    ..........             y - amulet of regeneration
HPRegen  0.64/turn              k - +4 ring of protection
MPRegen  0.11/turn              (no ring)

@: no status effects
A: retaliatory headbutt, horns 2
a: Berserk, Trog's Hand, Brothers in Arms, Burn Spellbooks, Renounce Religion


You were on level 9 of the Dungeon.
You worshipped Trog.
Trog was extremely pleased with you.
You were not hungry.

You visited 1 branch of the dungeon, and saw 9 of its levels.

You collected 440 gold pieces.

Inventory:

Hand Weapons
 a - a +1 hand axe (weapon)
 b - a +1 longbow of freezing
Armour
 v - a +0 pair of boots (worn)
 x - a +0 pair of gloves (worn)
 F - a +0 plate armour (worn)
 H - a +0 cloak (worn)
Jewellery
 k - a +4 ring of protection (left hand)
 r - a cursed amulet of inaccuracy {unknown}
 y - an amulet of regeneration (around neck)
Wands
 f - a wand of polymorph (11)
 l - a wand of enslavement (4)
 w - a wand of paralysis (36)
Scrolls
 d - 4 scrolls of remove curse
 i - 2 scrolls of magic mapping
 p - 4 scrolls of amnesia
 q - 2 scrolls of immolation
 t - a scroll of fear
 G - 3 scrolls of enchant weapon
Potions
 e - 8 potions of curing
 g - a potion of resistance
 h - 4 potions of mutation {unknown}
 j - a potion of cancellation {unknown}
 o - 6 potions of brilliance {unknown}
 s - a potion of haste {unknown}
 u - a potion of flight {unknown}
 B - 2 potions of lignification {unknown}
 D - a potion of heal wounds {unknown}
Comestibles
 c - 14 rations


   Skills:
 + Level 8.3 Fighting
 * Level 14.4 Axes
 + Level 8.3 Armour
 + Level 4.0 Dodging


You had 9 spell levels left.
You didn't know any spells.

Dungeon Overview and Level Annotations

Branches:
Dungeon (9/15)             Temple (0/1) D:4            Lair (0/6) D:8
    Orc: D:9-12

Altars:
Cheibriados
Fedhas
Gozag
Qazlal
Ru
Sif Muna
Trog
Wu Jian

Shops:
D:6 %


Innate Abilities, Weirdness & Mutations

You reflexively headbutt those who attack you in melee.
You have a pair of horns on your head.


Message History

The yak bellows! x2
The orc priest calls down the wrath of Beogh upon you.
Beogh smites you!
* * * LOW HITPOINT WARNING * * *
The orc hits you but does no damage.
The orc warrior hits you from afar with a halberd.
* * * LOW HITPOINT WARNING * * *
Found 5 gold pieces.
Found an escape hatch in the floor.
A yak comes into view.
The yak bellows!
You hear a shout!
The yak gores you but does no damage.
A yak comes into view.
There is an open door here.
You closely miss the yak. You headbutt the yak.
The yak is lightly wounded.
You hit the orc but do no damage. The yak gores you!
* * * LOW HITPOINT WARNING * * *
The orc priest invokes the aid of Beogh against you.
Beogh smites you!
You die...

#..## #..#
######'##
#.......#
#......o#
#[......#
+..>...o#
#.....Yo######..
#.......@YYY.YY#
#.......######.#
#.....$.#
###+#####


You could see a death yak, 5 yaks, an orc warrior, an orc priest and an orc.

Vanquished Creatures
  3 death yaks
  Psyche (D:8)
  Sigmund (D:2)
  4 ice beasts
  4 orc warriors
  3 ogres
  A black bear (D:4)
  2 phantoms
  A centaur (D:6)
  A big kobold (D:6)
  Blork the orc (D:6)
  2 bullfrogs
  2 scorpions
  3 killer bees (D:8)
  4 howler monkeys
  2 crimson imps
  A quasit (D:7)
  4 orc priests
  A jelly (D:5)
  5 bullfrog skeletons
  3 hounds
  Crazy Yiuf (D:7)
  An iguana (D:5)
  9 orc wizards
  5 worker ants
  A worker ant zombie (D:6)
  7 gnolls
  10 adders
  2 shadow imps
  3 oozes
  An adder skeleton (D:7)
  An adder zombie (D:8)
  6 worms
  A dart slug (D:2)
  4 leopard geckos
  29 orcs
  4 giant cockroaches
  11 goblins
  7 hobgoblins
  12 jackals
  15 kobolds
  2 quokkas
  2 ball pythons
  3 bats
  13 frilled lizards
  A quokka zombie (D:5)
  4 rats
  A fungus (D:7)
205 creatures vanquished.

Notes
Turn   | Place    | Note
-------+----------+-------------------------------------------
     0 | D:1      | Htamos the Minotaur Berserker began the quest for the Orb.
     0 | D:1      | Reached XP level 1. HP: 19/19 MP: 0/0
   312 | D:1      | Reached XP level 2. HP: 18/27 MP: 1/1
   390 | D:1      | Reached skill level 4 in Axes
   805 | D:2      | Reached XP level 3. HP: 23/33 MP: 2/2
  1419 | D:2      | Reached ** piety under Trog
  1558 | D:2      | Reached skill level 5 in Axes
  1558 | D:2      | Reached XP level 4. HP: 37/41 MP: 3/3
  1724 | D:2      | Noticed Sigmund
  1737 | D:2      | Killed Sigmund
  1737 | D:2      | Reached skill level 5 in Fighting
  1737 | D:2      | Reached skill level 6 in Axes
  1737 | D:2      | Reached XP level 5. HP: 19/48 MP: 4/4
  2392 | D:3      | Reached XP level 6. HP: 56/56 MP: 5/5
  2473 | D:3      | Reached skill level 7 in Axes
  2715 | D:3      | Reached *** piety under Trog
  3024 | D:3      | Found a stormy altar of Qazlal.
  3482 | D:4      | Reached skill level 8 in Axes
  3482 | D:4      | Reached XP level 7. HP: 56/61 MP: 6/6
  3725 | D:4      | Found a sacrificial altar of Ru.
  3785 | D:4      | Found a staircase to the Ecumenical Temple.
  3840 | D:4      | Reached skill level 9 in Axes
  3904 | D:4      | Found an ornate altar of the Wu Jian Council.
  3990 | D:4      | Found a bloodstained altar of Trog.
  4021 | D:4      | Reached **** piety under Trog
  4170 | D:5      | Entered Level 5 of the Dungeon
  4196 | D:5      | Reached XP level 8. HP: 49/70 MP: 7/7
  4248 | D:5      | Reached skill level 10 in Axes
  4491 | D:5      | Got a slimy mace
  4632 | D:6      | Found Suxkioti's Food Boutique.
  4683 | D:6      | Noticed Blork the orc
  4695 | D:6      | Killed Blork the orc
  4714 | D:6      | Reached skill level 11 in Axes
  4837 | D:6      | Reached ***** piety under Trog
  4936 | D:6      | Reached skill level 5 in Armour
  5091 | D:6      | Reached XP level 9. HP: 78/78 MP: 8/8
  5546 | D:7      | Found a blossoming altar of Fedhas.
  5549 | D:7      | Reached skill level 12 in Axes
  5631 | D:7      | Found a snail-covered altar of Cheibriados.
  6566 | D:7      | Found a runed door.
  6570 | D:7      | Noticed Crazy Yiuf
  6576 | D:7      | Killed Crazy Yiuf
  6650 | D:8      | Noticed a two-headed ogre
  6916 | D:8      | Noticed a death yak
  6917 | D:8      | Noticed a death yak
  6921 | D:8      | Noticed a death yak
  6923 | D:8      | Noticed a death yak
  6927 | D:8      | Noticed a death yak
  6928 | D:8      | Noticed a death yak
  6930 | D:8      | Noticed a death yak
  7307 | D:8      | Found a deep blue altar of Sif Muna.
  7308 | D:8      | Found an opulent altar of Gozag.
  7332 | D:8      | Reached skill level 13 in Axes
  7571 | D:7      | Killed a death yak
  7912 | D:8      | Reached XP level 10. HP: 82/86 MP: 9/9
  8004 | D:8      | Killed a death yak
  8004 | D:8      | Reached skill level 14 in Axes
  8011 | D:8      | Killed a death yak
  8037 | D:8      | Found a staircase to the Lair.
  8043 | D:8      | Received a gift from Trog
  8112 | D:8      | Noticed Psyche
  8140 | D:8      | Killed Psyche
  8412 | D:9      | HP: 3/89 [yak (9)]
  8412 | D:9      | Killed from afar by an orc priest

Skill      XL: |  1  2  3  4  5  6  7  8  9 10 |
---------------+-------------------------------+-----
Axes           | 4 5 6 8 9 11 13 14 | 14.4
Fighting       | 4 5 6 7 8 |  8.3
Dodging        | 3 4 |  4.0
Armour         | 3 5 7 8 |  8.3

Action                   |  1- 3 |  4- 6 |  7- 9 | 10-12 || total
-------------------------+-------+-------+-------+-------++-------
Melee: Hand axe          |    87 |   146 |   485 |    67 ||   785
       Headbutt          |    12 |    31 |   111 |    12 ||   166
Invok: Burn Spellbooks   |       |       |     1 |       ||     1
Evoke: Wand              |       |       |       |     9 ||     9
  Use: Scroll            |       |       |    20 |     1 ||    21
       Potion            |       |       |     1 |     1 ||     2
 Stab: Invisible         |       |       |     1 |       ||     1
       Paralysed         |       |       |     1 |       ||     1
  Eat: Chunk             |     2 |     6 |    10 |     3 ||    21
       Ration            |       |       |     1 |       ||     1
Armor: Animal skin       |    13 |    10 |       |       ||    23
       Ring mail         |       |    18 |       |       ||    18
       Chain mail        |       |    14 |    94 |       ||   108
       Plate armour      |       |       |    77 |    35 ||   112
Dodge: Dodged            |    45 |    85 |   157 |    21 ||   308
